Map: Coda EC

Players

AgCl - Winner!

  • Race: Protoss Protoss
  • League: Grandmaster

RAE

  • Race: Protoss Protoss
  • League: Grandmaster

VOD

Have the link to the VOD?

Description

Time

  • Played on: June 19, 2015, 10:53 p.m.
  • Length: 5:58
Show
View Real Time Build Order
Export as new Build Order

AgCl Protoss - Winner!

Build Orders: Oracle Opening 

Get SALT Encoding   

  12  0:13  Probe  
  12  0:14  Pylon  
  13  0:25  Probe  
  14  0:38  Probe (Chrono Boost)  
  14  0:40  Gateway  
  15  0:47  Assimilator  
  16  0:50  Probe (Chrono Boost)  
  16  0:58  Probe (Chrono Boost)  
  17  1:07  Probe  
  18  1:12  Pylon  
  18  1:19  Probe  
  19  1:28  Zealot (Chrono Boost)  
  19  1:31  Probe  
  21  1:39  Cybernetics Core  
  21  1:43  Probe  
  22  1:48  Assimilator  
  22  1:55  Probe  
  23  2:07  Probe (Chrono Boost)  
  24  2:20  Mothership Core (Chrono Boost)  
  26  2:24  Nexus  
  26  2:25  Warp Gate (Chrono Boost)  
  28  2:46  Probe  
  28  2:50  Stargate  
  27  2:56  Gateway  
  25  3:01  Gateway  
  25  3:08  Pylon  
  25  3:12  Probe  
  26  3:24  Probe  
  27  3:33  Oracle (Chrono Boost)  
  30  3:37  Probe  
  30  3:39  Probe  
  32  3:49  Probe  
  32  3:51  Probe  
  34  4:00  Forge  
  34  4:02  Void Ray (Chrono Boost)  
  38  4:05  Probe  
  39  4:10  Probe  
  40  4:17  Probe  
  40  4:22  Probe  
  42  4:30  Probe  
  43  4:32  Stalker  
  43  4:33  Stalker  
  43  4:34  Adept  
  49  4:53  Pylon  
  49  4:54  Stalker  
  51  5:04  Void Ray (Chrono Boost)  
  52  5:11  Gateway, Probe x2  
  54  5:15  Stalker  
  54  5:20  Stalker  
  58  5:32  Stalker  
  58  5:50  Pylon  
  58  5:53  Pylon  
  58  5:55  Assimilator  
Show
View Real Time Build Order
Export as new Build Order

RAE Protoss 

Build Orders: Blink Stalkers 

Get SALT Encoding   

  12  0:01  Probe  
  13  0:13  Probe  
  14  0:18  Pylon  
  14  0:36  Probe (Chrono Boost)  
  14  0:37  Gateway  
  15  0:47  Probe (Chrono Boost)  
  15  0:48  Assimilator  
  16  0:53  Probe  
  17  0:57  Assimilator  
  17  1:06  Probe  
  18  1:18  Probe  
  19  1:21  Pylon  
  19  1:25  Cybernetics Core  
  18  1:33  Probe  
  19  1:46  Probe (Chrono Boost)  
  21  1:55  Probe (Chrono Boost)  
  21  2:01  Warp Gate (Chrono Boost)  
  21  2:03  Probe, Adept  
  24  2:15  Probe  
  25  2:16  Twilight Council  
  25  2:27  Probe  
  26  2:37  Gateway  
  26  2:45  Probe  
  26  2:47  Gateway  
  27  2:55  Blink (Chrono Boost)  
  27  3:08  Gateway  
  27  3:15  Probe, Pylon  
  28  3:27  Probe  
  28  3:33  Gateway  
  29  3:34  Pylon  
  29  4:02  Stalker x3  
  35  4:04  Stalker  
  37  4:25  Stalker x2  
  37  4:26  Stalker  
  41  4:36  Stalker  
  43  4:48  Stalker  
  45  5:03  Pylon  
  43  5:07  Stalker  
  45  5:14  Probe, Pylon  
  46  5:21  Stalker  
  46  5:24  Stalker  
  50  5:33  Stalker  
  46  5:48  Stalker x2  
Tags
 
Add a new tag
Caveats
  • Supply blocks, unpowered buildings, or Contaminate may cause inaccurate times.
  • Supply counts are checked every 10 seconds.